 Dungeon Crawl Stone Soup version 0.30-a0-627-gc11e7ae810 (webtiles) character file.

Game seed: 2784359783097779360

1806 Decipherer the Cleaver (level 8, -5/73 HPs)
             Began as a Minotaur Berserker on Jan 11, 2023.
             Was a Priest of Trog.
             Slain by a catoblepas (12 damage)
             ... while petrified by a catoblepas
             ... on level 8 of the Dungeon.
             The game lasted 00:05:29 (5338 turns).

Decipherer the Cleaver (Minotaur Berserker)         Turns: 5338, Time: 00:05:30

Health: -5/73      AC: 14    Str: 30    XL:     8   Next: 84%
Magic:  7/7        EV:  2    Int:  8    God:    Trog [***...]
Gold:   407        SH:  0    Dex:  8    Spells: 7/7 levels left

rFire   x . .      SeeInvis .    k - +9 long sword of Weqia {flame, Fly}
rCold   + . .      Faith    .    (no shield)
rNeg    + + +      Spirit   .    n - +0 chain mail
rPois   ∞          Reflect  +    d - +2 hat
rElec   .          Harm     .    l - +0 cloak
rCorr   .          Rampage  .    u - +0 pair of gloves
Will    ++...                    (no boots) Stlth
                                 p - amulet of reflection
HPRegen 1.32/turn                J - ring "Feyrph" {Ice rPois rN++}
MPRegen 0.10/turn                v - +6 ring of strength

@: mighty, petrified, strong-willed, on berserk cooldown, flying, regenerating,
slowed
A: horns 2, retaliatory headbutt, clever 1, sturdy frame 1
a: Renounce Religion, Berserk, Trog's Hand


You were on level 8 of the Dungeon.
You worshipped Trog.
Trog was most pleased with you.
You visited 2 branches of the dungeon, and saw 9 of its levels.

You collected 407 gold pieces.

Inventory:

Hand Weapons
 a - a +0 mace
 k - the +9 long sword of Weqia (weapon) {flame, Fly}
   (You found it on level 5 of the Dungeon)

   Fly:       It grants you flight.
 o - a +0 war axe
Missiles
 i - 9 boomerangs
 m - 6 atropa-tipped darts
 s - a throwing net
 x - 2 silver javelins
 y - 4 poisoned darts
Armour
 d - a +2 hat (worn)
 l - a +0 cloak (worn)
 n - a +0 chain mail (worn)
 u - a +0 pair of gloves (worn)
Jewellery
 p - an amulet of reflection (around neck)
 v - a +6 ring of strength (right hand)
 J - the ring "Feyrph" (left hand) {Ice rPois rN++}
   (You found it on level 7 of the Dungeon)

   [ring of ice]

   It enhances your ice magic.
   rF:        It makes you vulnerable to fire.
   rC:        It protects you from cold.
   rPois:     It protects you from poison.
   rN:        It greatly protects you from negative energy.
Wands
 g - a wand of flame (43)
 E - a wand of paralysis (2)
 G - a wand of polymorph (10)
Scrolls
 b - 5 scrolls of identify {unknown}
 c - a scroll of blinking {unknown}
 h - 3 scrolls of magic mapping {unknown}
 q - 6 scrolls of teleportation {unknown}
 r - a scroll of amnesia {unknown}
 w - 3 scrolls of immolation {unknown}
 A - a scroll of silence {unknown}
 C - a scroll of poison {unknown}
Potions
 e - a potion of mutation
 f - 2 potions of magic {unknown}
 j - a potion of brilliance {unknown}
 t - 2 potions of might
 z - a potion of flight
 B - a potion of invisibility {unknown}
 D - 2 potions of curing {unknown}
 I - a potion of lignification
 K - a potion of heal wounds {unknown}


   Skills:
 + Level 7.3 Fighting
 + Level 1.0 Long Blades
 + Level 8.7(9.5) Axes
 + Level 5.8(8.1) Maces & Flails
 + Level 5.9 Armour
 + Level 3.4 Dodging
 + Level 1.3 Stealth
 + Level 1.3 Shields


You had 7 spell levels left.
You didn't know any spells.
Your spell library contained the following spells:

 Spells                   Type           Power      Damage    Failure   Level
 Beastly Appendage        Tmut           0%         N/A       80%         1
 Magic Dart               Conj           0%         1d3       80%         1
 Blink                    Tloc           0%         N/A       90%         2
 Cigotuvi's Dreadful Rot  Necr/Pois/Air  0%         N/A       90%         2
 Ensorcelled Hibernation  Hex/Ice        0%         N/A       90%         2
 Momentum Strike          Conj/Tloc      0%         3d8       90%         2
 Poisonous Vapours        Pois/Air       0%         N/A       90%         2
 Searing Ray              Conj           0%         2d4       90%         2
 Static Discharge         Conj/Air       0%         2-2/arc   90%         2
 Wereblood                Tmut           0%         N/A       90%         2
 Call Canine Familiar     Summ           0%         N/A       99%         3
 Ignite Poison            Fire/Tmut/Pois 0%         N/A       99%         3
 Kindle Blastsparks       Fire/Tloc/Air  0%         2d10      99%         3
 Lesser Beckoning         Tloc           0%         N/A       99%         3
 Mephitic Cloud           Conj/Pois/Air  0%         N/A       99%         3
 Portal Projectile        Hex/Tloc       0%         N/A       99%         3
 Spider Form              Tmut/Pois      0%         N/A       99%         3
 Vhi's Electric Charge    Tloc/Air       0%         N/A       99%         3
 Anguish                  Hex/Necr       0%         N/A       100%        4
 Fulminant Prism          Conj/Hex       0%         3d5       100%        4
 Iskenderun's Mystic Bla  Conj/Tloc      0%         2d3       100%        4
 Leda's Liquefaction      Hex/Erth       0%         N/A       100%        4
 Arcjolt                  Conj/Air       0%         1d10      100%        5
 Freezing Cloud           Conj/Ice/Air   0%         6-21      100%        5
 Lee's Rapid Deconstruct  Erth           0%         3d4*      100%        5
 Lightning Bolt           Conj/Air       0%         1d11      100%        5


Dungeon Overview and Level Annotations

Branches:
Dungeon (8/15)             Temple (1/1) D:6
   Lair: D:8-11

Altars:
Ashenzari
Cheibriados
Dithmenos
Elyvilon
Fedhas
Gozag
Hepliaklqana
Kikubaaqudgha
Makhleb
Nemelex Xobeh
Qazlal
Ru
Sif Muna
Trog
Uskayaw
Vehumet
Wu Jian
Xom
Yredelemnul
Zin
The Shining One


Innate Abilities, Weirdness & Mutations

You have a pair of horns on your head.
You reflexively headbutt those who attack you in melee.
Your mind is acute. (Int +4, Str/Dex -1)
Your movements are slightly less encumbered by armour. (ER -2)


Message History

You are engulfed in calcifying dust.
The water moccasin bites you.
The black bear is engulfed in calcifying dust.
The catoblepas gores you!!
The water moccasin bites you but does no damage.
You are engulfed in calcifying dust.
The black bear is engulfed in calcifying dust.
The water moccasin bites you.
The catoblepas gores you but does no damage.
The water moccasin bites you but does no damage.
The black bear is engulfed in calcifying dust.
The catoblepas gores you!! The water moccasin barely misses you.
The black bear is engulfed in calcifying dust.
The water moccasin bites you. The cyclops barely misses you.
The catoblepas gores you!!
The water moccasin bites you but does no damage.
The black bear is engulfed in calcifying dust.
The catoblepas breathes a plume of calcifying dust at you.
The blast of calcifying dust hits you.
The blast of calcifying dust hits the black bear.
The cyclops hits you but does no damage.
You are engulfed in calcifying dust.
You are no longer berserk.
You feel yourself slow down.
The black bear is no longer petrified.
The water moccasin bites you but does no damage.
The black bear is engulfed in calcifying dust.
The black bear is moving more slowly.
The catoblepas gores you!!
* * * LOW HITPOINT WARNING * * *
The water moccasin bites you but does no damage.
You are engulfed in calcifying dust.
The water moccasin bites you but does no damage.
The cyclops hits you.
* * * LOW HITPOINT WARNING * * *
The catoblepas gores you!!
* * * LOW HITPOINT WARNING * * *
The black bear is engulfed in calcifying dust.
The black bear stops moving altogether!
You are engulfed in calcifying dust.
The water moccasin bites you.
* * * LOW HITPOINT WARNING * * *
The catoblepas gores you!!
You die...

#...########
#.8.........
#......8...
+...).....
#####..$[$..#
#.......?...+ .
#....8..SC..#.... ..
#..§...h@Y8.#....
...#######'#...#...#
...........#...#...#
...........#...#...#
...........#...#...#
#+######...#####...#
#...........### #
#..........†'.###.###
#...[.......#........


You could see a catoblepas, a cyclops, a water moccasin and a black bear
(petrified).

Vanquished Creatures
  A water moccasin (D:7)
  Duvessa (D:6)
  2 sky beasts
  An ogre (D:5)
  A centaur (D:5)
  2 phantoms
  2 necrophages
  2 bullfrogs
  3 scorpions
  Dowan (D:6)
  A killer bee (D:8)
  2 hounds
  2 orc priests
  2 jellies
  Natasha (thrice) (D:4)
  5 iguanas
  An orc wizard (D:5)
  8 adders
  A shadow imp (D:6)
  3 white imps
  3 ufetubi
  A worm (D:4)
  3 dart slugs
  8 orcs
  5 endoplasms
  2 giant cockroaches (D:1)
  8 hobgoblins
  2 quokkas (D:1)
  6 ball pythons
  3 bats
  5 frilled lizards
  8 goblins
  4 kobolds
  4 rats
  A spectral orc (D:3)
107 creatures vanquished.

Notes
Turn   | Place    | Note
-------+----------+-------------------------------------------
     0 | D:1      | Decipherer the Minotaur Berserker began the quest for the
                  | Orb.
     0 | D:1      | Reached XP level 1. HP: 19/19 MP: 0/0
   114 | D:1      | Reached XP level 2. HP: 18/27 MP: 1/1
   568 | D:1      | Reached ** piety under Trog
   569 | D:1      | Reached XP level 3. HP: 32/34 MP: 2/2
  1498 | D:3      | Reached XP level 4. HP: 41/41 MP: 3/3
  1536 | D:3      | Found a faded altar of an unknown god.
  1554 | D:3      | Found an ornate altar of the Wu Jian Council.
  1781 | D:3      | Found a basalt altar of Yredelemnul.
  1852 | D:3      | Reached skill level 5 in Maces & Flails
  2234 | D:4      | Noticed Natasha
  2235 | D:4      | Noticed a scorpion
  2239 | D:4      | Killed a scorpion
  2240 | D:4      | Reached skill level 5 in Fighting
  2240 | D:4      | Reached XP level 5. HP: 37/48 MP: 4/4
  2251 | D:4      | Gained mutation: Your movements are slightly less
                  | encumbered by armour. (ER -2) [potion of mutation]
  2251 | D:4      | Gained mutation: Your mind is acute. (Int +4, Str/Dex -1)
                  | [potion of mutation]
  2258 | D:4      | Killed Natasha
  2465 | D:4      | Reached skill level 1 in Axes
  2490 | D:4      | Found a glowing golden altar of the Shining One.
  2627 | D:4      | Noticed Natasha
  2634 | D:4      | Killed Natasha
  2635 | D:4      | Reached skill level 2 in Axes
  2635 | D:4      | Reached XP level 6. HP: 47/56 MP: 5/5
  2684 | D:4      | Reached skill level 3 in Axes
  2779 | D:4      | Noticed Natasha
  2787 | D:4      | Killed Natasha
  2941 | D:5      | Entered Level 5 of the Dungeon
  2949 | D:5      | Reached *** piety under Trog
  2952 | D:5      | Identified the +9 long sword of Weqia {flame, Fly}
  3023 | D:5      | Reached skill level 4 in Axes
  3023 | D:5      | Reached XP level 7. HP: 53/61 MP: 6/6
  3268 | D:5      | Reached skill level 5 in Axes
  3576 | D:6      | Reached skill level 6 in Axes
  3576 | D:6      | Reached skill level 5 in Armour
  3593 | D:6      | Reached skill level 7 in Axes
  3593 | D:6      | Reached XP level 8. HP: 61/70 MP: 7/7
  3764 | D:6      | Found a staircase to the Ecumenical Temple.
  3845 | D:6      | Found a hazy altar of Hepliaklqana.
  3906 | D:6      | Noticed Dowan
  3906 | D:6      | Noticed Duvessa
  3915 | D:6      | Killed Dowan
  3921 | D:6      | Killed Duvessa
  4234 | D:6      | Reached skill level 1 in Stealth
  4300 | D:6      | Found a shimmering blue altar of Sif Muna.
  4556 | Temple   | Entered the Ecumenical Temple
  4858 | D:7      | Reached skill level 8 in Axes
  4925 | D:7      | Found a shadowy altar of Dithmenos.
  4979 | D:7      | Found a hide-covered altar of Uskayaw.
  5122 | D:7      | Reached skill level 1 in Shields
  5130 | D:7      | Identified the ring "Feyrph" {Ice rPois rN++}
  5323 | D:8      | Noticed a catoblepas
  5325 | D:8      | Noticed a cyclops
  5326 | D:8      | Reached skill level 1 in Long Blades
  5338 | D:8      | Slain by a catoblepas

Illustrated notes

Levels and vault maps discovered:
D:1:      dpeg_arrival_long_road, layout_basic, serial_park_tiny_pond
D:2:      layout_loops_ring, wander_ebering_terrifying_dragon_lair
D:3:      layout_basic, mainiacjoe_overflow_alcove_4,
          yredelemnul_forgotten_temple_becter,
          ebering_ecumenical_altar_abandoned, kennysheep_another_room,
          dk_noncrumbling_3
D:4:      layout_cave_pools, mainiacjoe_overflow_chevrons, uniq_natasha
D:5:      layout_basic
D:6:      layout_rooms, nicolae_sif_muna_little_library,
          worldfamousw_hep_ancestral_shrine, minmay_temple_entry_butterflies,
          uniq_duvessa
D:7:      layout_rooms, nicolae_uskayaw_murder_on_the_dancefloor,
          general_overflow_altar, minmay_crystal_room, kennysheep_generic_room_2
D:8:      kennysheep_blocky_room, layout_basic,
          mainiacjoe_overflow_concentric_impassable, uniq_gastronok, uniq_pikel,
          uniq_prince_ribbit1
Temple:   minmay_temple_curvy_branch

Skill      XL: |  1  2  3  4  5  6  7  8 |
---------------+-------------------------+-----
Fighting       | 4 5 6 7 |  7.3
Maces & Flails | 4 5 |  5.8
Armour         | 3 4 5 |  5.9
Axes           | 2 4 7 8 |  8.7
Dodging        | 3 |  3.4
Stealth        | 1 |  1.3
Shields        | 1 |  1.3
Long Blades    | 1 |  1.0

Action                   |  1- 3 |  4- 6 |  7- 9 || total
-------------------------+-------+-------+-------++-------
Melee: Mace              |    65 |     4 |       ||    69
       Headbutt          |    12 |     8 |    13 ||    33
       War axe           |       |    76 |   101 ||   177
       Long sword        |       |       |    17 ||    17
Invok: Berserk           |       |     2 |     2 ||     4
       Trog's Hand       |       |       |     1 ||     1
  Use: Potion            |       |     5 |     1 ||     6
Armor: Animal skin       |     8 |       |       ||     8
       Ring mail         |    15 |       |       ||    15
       Chain mail        |       |    33 |    81 ||   114
       Skin              |       |     4 |       ||     4
Dodge: Dodged            |    35 |    46 |    57 ||   138
Block: Other             |       |       |    19 ||    19

Table legend: (Time is in decaauts)
 A = Elapsed time spent in this place.
 B = Non-inter-level travel time spent in this place.
 C = Inter-level travel time spent in this place.
 D = Time resting spent in this place.
 E = Time spent auto-exploring this place.
 F = Levels seen in this place.
 G = Mean time per level.
                   A        B        C        D        E       F      G
               +--------+--------+--------+--------+--------+-----+--------+
         Total |   5412 |   5107 |    305 |      0 |   4270 |   9 |  601.3 |
       Dungeon |   5159 |   4858 |    301 |      0 |   4024 |   8 |  644.9 |
        Temple |    252 |    248 |      4 |      0 |    246 |   1 |  252.0 |
               +--------+--------+--------+--------+--------+-----+--------+

Top non-repeatable levels by time:
     D:6: 1055 daAuts
     D:3: 791 daAuts
     D:4: 733 daAuts
     D:2: 731 daAuts
     D:1: 728 daAuts
     D:5: 588 daAuts
     D:7: 466 daAuts
  Temple: 252 daAuts
     D:8: 63 daAuts
